 Dungeon Crawl Stone Soup version 0.32-a0-859-gb0a091d592 (webtiles) character file.

Game seed: 3157484709195286837

55342 Ofeo the Unseen (level 15, 68/104 HPs)
             Began as a Kobold Earth Elementalist on Feb 4, 2024.
             Was a High Priest of Ashenzari.
             Quit the game on level 1 of the Orcish Mines on Mar 27, 2024.
             The game lasted 01:18:22 (32102 turns).

Ofeo the Unseen (Kobold Earth Elementalist)        Turns: 32102, Time: 01:18:23

Health: 68/104     AC: 18    Str:  6    XL:     15   Next: 17%
Magic:  28/28      EV: 27    Int: 21    God:    Ashenzari [*****.]
Gold:   1456       SH:  0    Dex: 22    Spells: 11/33 levels left

rFire   . . .        a - +2 dagger "Gaze Upon Infinity" {freeze, Int+2, Melee, Comp} (curse)
rCold   . . .        (no shield)
rNeg    + + .        M - +5 steam dragon scales of the Fated Monotheism {Sorc, Cun} (curse)
rPois   .            j - +0 hat of Supernal Knowledge {Rampage Will+, Self, Elem} (curse)
rElec   +            y - +2 cloak of Ashenzari's Annoyance {Stlth+, Dev, Elem} (curse)
rCorr   +            X - +0 pair of gloves of Ashenzari's Repose {Self, Sorc} (curse)
SInv    +            W - +2 pair of boots "Chained Annoyance" {Fly, Melee, Range} (curse)
Will    +++++        C - amulet of the Four Winds {rN+ Will+++ Clar, Self, Melee} (curse)
Stlth   +++++++++    d - ring "Ensconced With Me" {rCorr, Range, Comp} (curse)
HPRegen 0.37/turn    Y - ring "Thunder Perfect Mind" {rElec rN+ rCorr Int+2, Self, Comp} (curse)
MPRegen 0.21/turn

%: clarity, rampage
@: flying
A: small, no large weapons, nightstalker 3
a: Renounce Religion, Curse Item, Shatter the Chains


You were on level 1 of the Orcish Mines.
You worshipped Ashenzari.
Ashenzari was extremely pleased with you.
You visited 4 branches of the dungeon, and saw 19 of its levels.
You also visited: Ossuary, Bailey and Gauntlet.

You collected 2071 gold pieces.
You spent 615 gold pieces at shops.

Inventory:

Hand Weapons
 a - the cursed +2 dagger "Gaze Upon Infinity" (weapon) {freeze, Int+2, Melee, Comp}
   (You found it on level 3 of the Dungeon)

   Int+2:     It affects your intelligence (+2).
   It has a curse which improves the following skills: Melee Combat: Short
   Blades, Long Blades, Axes, Maces & Flails, Polearms, Staves and Unarmed
   Combat.
   Companions: Summonings and Necromancy.
 p - a +0 vampiric rapier
Missiles
 k - 4 curare-tipped darts
Armour
 j - the cursed +0 hat of Supernal Knowledge (worn) {Rampage Will+, Self, Elem}
   (You found it on level 9 of the Dungeon)

   Will+:     It increases your willpower.
   Rampage:   It bestows one free step when moving towards enemies.
   It has a curse which improves the following skills: Introspection: Fighting
   and Spellcasting.
   Elements:  Fire Magic, Ice Magic, Air Magic and Earth Magic.
 y - the cursed +2 cloak of Ashenzari's Annoyance (worn) {Stlth+, Dev, Elem}
   (You found it on level 6 of the Dungeon)

   It has a curse which improves the following skills: Devices: Evocations and
   Shapeshifting.
   Elements:  Fire Magic, Ice Magic, Air Magic and Earth Magic.
 M - the cursed +5 steam dragon scales of the Fated Monotheism (worn) {Sorc, Cun}
   (You found it on level 9 of the Dungeon)

   It has a curse which improves the following skills: Sorcery: Conjurations and
   Alchemy.
   Cunning:   Dodging and Stealth.
 W - the cursed +2 pair of boots "Chained Annoyance" (worn) {Fly, Melee, Range}
   (You found it in a Gauntlet)

   It has a curse which improves the following skills: Melee Combat: Short
   Blades, Long Blades, Axes, Maces & Flails, Polearms, Staves and Unarmed
   Combat.
   Ranged Combat: Ranged Weapons and Throwing.
 X - the cursed +0 pair of gloves of Ashenzari's Repose (worn) {Self, Sorc}
   (You found it on level 2 of the Lair of Beasts)

   It has a curse which improves the following skills: Introspection: Fighting
   and Spellcasting.
   Sorcery:   Conjurations and Alchemy.
Magical Staves
 U - the staff of Quyla {rElec Int+5 Hexes Air}
   (You found it in a Gauntlet)

   [staff of air]

   Base accuracy: +5 Base damage: 5 Base attack delay: 1.2 This weapon's minimum
   attack delay (0.6) is reached at skill level 12.
   Int+5:     It affects your intelligence (+5).
   rElec:     It insulates you from electricity.
   Hexes:     It increases the power of your Hexes spells.
   Air:       It increases the power of your Air spells.
   It falls into the 'Staves' category.
   It is a two-handed weapon.
Jewellery
 d - the cursed ring "Ensconced With Me" (left hand) {rCorr, Range, Comp}
   (You found it on level 3 of the Dungeon)

   [ring of resist corrosion]

   rCorr:     It protects you from acid and corrosion.
   It has a curse which improves the following skills: Ranged Combat: Ranged
   Weapons and Throwing.
   Companions: Summonings and Necromancy.
 o - a ring of flight
 z - a ring of fire
 C - the cursed amulet of the Four Winds (around neck) {rN+ Will+++ Clar, Self, Melee}
   (You found it on level 9 of the Dungeon)

   [amulet of nothing]

   rN+:       It protects you from negative energy.
   Will+++:   It greatly increases your willpower.
   Clar:      It protects you from confusion, rage, mesmerisation and fear.
   It has a curse which improves the following skills: Introspection: Fighting
   and Spellcasting.
   Melee Combat: Short Blades, Long Blades, Axes, Maces & Flails, Polearms,
   Staves and Unarmed Combat.
 G - a ring of see invisible
 S - a ring of willpower
 Y - the cursed ring "Thunder Perfect Mind" (right hand) {rElec rN+ rCorr Int+2, Self, Comp}
   (You found it in a Gauntlet)

   [ring of positive energy]

   Int+2:     It affects your intelligence (+2).
   rElec:     It insulates you from electricity.
   rN+:       It protects you from negative energy.
   rCorr:     It protects you from acid and corrosion.
   It has a curse which improves the following skills: Introspection: Fighting
   and Spellcasting.
   Companions: Summonings and Necromancy.
Wands
 b - a wand of paralysis (3)
 f - a wand of light (2)
 n - a wand of digging (7) {@v1}
 A - a wand of polymorph (19)
 D - a wand of roots (10)
 E - a wand of flame (12)
Scrolls
 i - 6 scrolls of identify {@r1}
 u - 5 scrolls of teleportation {@r3}
 v - 4 scrolls of enchant weapon
 x - 5 scrolls of poison
 F - a scroll of immolation
 H - a scroll of fog
 J - a scroll of amnesia
 K - 3 scrolls of revelation
 L - 3 scrolls of butterflies
 O - 3 scrolls of torment
 P - a scroll of fear
 Q - 2 scrolls of brand weapon
 V - a scroll of blinking {@r4}
 Z - 3 scrolls of enchant armour
Potions
 e - 3 potions of enlightenment
 g - 3 potions of magic
 h - 5 potions of heal wounds {@q2}
 l - 2 potions of lignification
 m - 4 potions of might {@q4}
 q - 8 potions of curing {@q1}
 r - a potion of resistance {@q6}
 s - 2 potions of haste {@q3}
 t - 3 potions of cancellation
 w - 2 potions of brilliance
 B - 3 potions of mutation
 I - 2 potions of invisibility
 R - a potion of berserk rage
Miscellaneous
 c - a sack of spiders
 N - a phial of floods
 T - a phantom mirror


   Skills:
 + Level 11.1(16.1) Fighting
 - Level 10.0(14.1) Short Blades
 - Level 5.0 Armour
 + Level 12.9(15.0) Dodging
 + Level 16.0(18.0) Stealth
 - Level 5.0(9.7) Spellcasting
 - Level 6.1(9.3) Conjurations
 - Level 5.7 Translocations
 - Level 9.7(12.9) Earth Magic
 - Level 5.7(8.8) Alchemy
 - Level 6.9(9.1) Evocations


You had 11 spell levels left.
You knew the following spells:

 Your Spells              Type           Power      Damage    Failure   Level
a - Sandblast             Erth           100%       2d20      1%          1
b - Passwall              Erth           59%        N/A       1%          3
c - Stone Arrow           Conj/Erth      100%       3d13      1%          3
d - Brom's Barrelling Bo  Conj/Erth      54%        2d7       1%          4
e - Petrify               Alch/Erth      54%        N/A       1%          4
f - Blink                 Tloc           68%        N/A       1%          2
g - Irradiate             Conj/Alch      24%        3d19      4%          5

Your spell library contained the following spells:

 Spells                   Type           Power      Damage    Failure   Level
 Magic Dart               Conj           100%       1d8       1%          1
 Sting                    Conj/Alch      100%       1d9       1%          1
 Lesser Beckoning         Tloc           68%        N/A       1%          2
 Mercury Vapours          Alch/Air       58%        N/A       1%          2
 Momentum Strike          Conj/Tloc      82%        3d10      1%          2
 Searing Ray              Conj           98%        2d8       1%          2
 Fulminant Prism          Conj/Alch      24%        3d12      1%          4
 Olgreb's Toxic Radiance  Alch           47%        N/A       1%          4
 Animate Armour           Summ/Erth      76%        N/A       4%          4
 Sublimation of Blood     Necr           12%        N/A       8%          2
 Ensorcelled Hibernation  Hex/Ice        22%        N/A       10%         2
 Swiftness                Air            11%        N/A       17%         3
 Inner Flame              Hex/Fire       11%        N/A       19%         3
 Fireball                 Conj/Fire      15%        3d8       26%         5
 Summon Forest            Summ/Tloc      11%        N/A       45%         5
 Cause Fear               Hex            5%         N/A       54%         4
 Summon Mana Viper        Hex/Summ       11%        N/A       86%         5
 Lehudib's Crystal Spear  Conj/Erth      27%        10d7      99%         8
 Summon Cactus Giant      Summ           6%         N/A       100%        6
 Ozocubu's Refrigeration  Ice            5%         4d8       100%        7
 Discord                  Hex            5%         N/A       100%        8
 Ignition                 Fire           5%         3d4       100%        8
 Dragon's Call            Summ           6%         N/A       100%        9


Dungeon Overview and Level Annotations

Branches:
Dungeon (11/15)            Temple (1/1) D:7            Lair (5/5) D:8
 Shoals (0/4) Lair:2        Snake (0/4) Lair:2        Slime (0/5) Lair:5
    Orc (2/2) D:10            Elf (0/3) Orc:2       Ossuary (visited)
 Bailey (visited)         Gauntlet (visited)

Altars:
Ashenzari
Cheibriados
Dithmenos
Elyvilon
Fedhas
Gozag
Hepliaklqana
Kikubaaqudgha
Makhleb
Nemelex Xobeh
Okawaru
Qazlal
Ru
Sif Muna
Trog
Uskayaw
Vehumet
Wu Jian
Xom
Yredelemnul
Zin
The Shining One
Jiyva

Shops:
D:10 !*[?!

Annotations:
D:5 exclusion: centaur
D:11 Psyche
Lair:2 1 exclusion
Lair:4 3 runed translucent doors


Innate Abilities, Weirdness & Mutations

You are small and have problems with some larger weapons.
You are completely attuned to the shadows.


Message History

You resist with almost no effort. The ogre completely misses you.
An ogre mage comes into view. It is wielding a +0 spear.
The ogre mage shouts!
You hit the ogre mage but do no damage.
The ogre mage is almost dead.
You hear a shout!
You hit the ogre mage. You freeze the ogre mage.
The ogre mage is almost dead.
The ogre mage points at you and mumbles some strange words.
The bolt of magma hits you!
You hear a shout!
You take 17 damage, and have 80/104 hp.
The ogre attacks as it pursues you! The ogre closely misses you.
The ogre mage completely misses you.
There is a stone staircase leading up here.
Things that are here:
a +0 giant club; an ogre corpse You hit the ogre mage.
You freeze the ogre mage.
You kill the ogre mage!
Your base Stealth skill increases to level 16!
The ogre misses you.
You fly upwards.
There is a stone staircase leading down, spattered with blood here.
You puncture the ogre! You freeze the ogre.
The ogre is heavily wounded.
You hit the ogre but do no damage.
The ogre is heavily wounded.
The ogre hits you with a +0 giant spiked club!
You take 14 damage, and have 68/104 hp.
You puncture the ogre! You freeze the ogre.
The ogre is almost dead.
You puncture the ogre! You freeze the ogre.
You kill the ogre!
No target in view!
No target in view!
No target in view!
No target in view!
No target in view!
Search for what [Enter for "rang", or ? for help]? short Are you sure you want to abandon this character and quit the game? (Confirm with "yes".)

#...##.###...........#......).
#..).).##.#..........##.......
####....)##...#.......####.......
#.#.....))...###......# ####....
..).....))...##.#....## ####.
..)))..............### #..
................#..# #..
........#.......#### ##.
..)).#.##......)@# ##
......###.......##
#.....##......### ............###
###..........# #...........##
##.........## ##.......##
##....###


There were no monsters in sight!

Vanquished Creatures
  A minotaur (Gauntlet)
  An ogre mage (Orc:2)
  3 catoblepae (Lair:5)
  3 boulder beetles
  3 hydras
  2 two-headed ogres
  16 death yaks (Lair:5)
  Nergalle (D:10)
  A skyshark (Lair:2)
  A harpy (Lair:2)
  A lindwurm (D:9)
  An orc knight (Bailey)
  2 cyclopes
  2 manticores (Lair:5)
  A worldbinder (Gauntlet)
  4 kobold blastminers
  4 black mambas
  An ice statue (Gauntlet)
  A gargoyle (D:9)
  11 cane toads
  An unseen horror (D:11)
  Maggie (D:9)
  Jeremiah (D:9)
  A torpor snail (Lair:3)
  A kobold demonologist (D:10)
  7 komodo dragons
  2 rime drakes
  An ice devil (Gauntlet)
  3 trolls
  4 hornets (Lair:4)
  7 blink frogs (Lair:5)
  2 polar bears
  3 slime creatures (Gauntlet)
  2 wraiths (D:10)
  2 shadows
  6 wyverns
  4 basilisks
  40 yaks
  3 steam dragons
  3 redbacks (D:9)
  Menkaure (D:6)
  Edmund (D:6)
  An acid dragon (D:10)
  15 water moccasins
  12 orc warriors
  2 sky beasts
  A boggart (Gauntlet)
  2 laughing skulls (D:11)
  3 black bears
  8 ogres
  3 centaurs
  2 phantoms
  A weeping skull (Ossuary)
  2 kobold brigands
  17 bullfrogs
  A gnoll sergeant (D:7)
  3 wights (D:7)
  3 killer bees (D:11)
  2 howler monkeys
  6 electric eels (D:8)
  A bombardier beetle (D:9)
  2 lava snakes (D:9)
  A hound (D:4)
  10 orc priests
  4 jellies
  2 sleepcaps
  Ijyb (D:3)
  Terence (D:3)
  19 orc wizards
  7 iguanas
  3 mummies (Ossuary)
  5 gnolls (D:7)
  8 adders
  A shadow imp (D:6)
  5 white imps
  8 ufetubi
  A dart slug (D:3)
  2 ribbon worms
  63 orcs
  7 ball pythons
  5 endoplasms
  A giant cockroach (D:4)
  4 gnoll zombies (Ossuary)
  8 goblins
  6 hobgoblins
  A jackal (D:6)
  15 kobolds
  3 quokkas
  13 bats
  3 frilled lizards
  3 gnoll skeletons (Ossuary)
  3 goblin skeletons (Ossuary)
  3 goblin zombies (Ossuary)
  4 hobgoblin skeletons (Ossuary)
  3 hobgoblin zombies (Ossuary)
  5 kobold skeletons (Ossuary)
  7 kobold zombies (Ossuary)
  7 orc skeletons (Ossuary)
  An orc zombie (Ossuary)
  5 rats
  3 rat skeletons (Ossuary)
  7 rat zombies (Ossuary)
501 creatures vanquished.

Vanquished Creatures (collateral kills)
  3 hornets (Lair:4)
  A kobold (D:10)
4 creatures vanquished.

Vanquished Creatures (others)
  2 kobolds (D:10)
2 creatures vanquished.

Grand Total: 507 creatures vanquished

Notes
Turn   | Place    | Note
-------+----------+-------------------------------------------
     0 | D:1      | Ofeo the Kobold Earth Elementalist began the quest for the
                  | Orb.
     0 | D:1      | Reached XP level 1. HP: 10/10 MP: 3/3
   268 | D:1      | Reached XP level 2. HP: 12/15 MP: 1/5
   400 | D:1      | Reached skill level 3 in Stealth
  1233 | D:2      | Reached XP level 3. HP: 9/19 MP: 0/6
  2554 | D:3      | Reached XP level 4. HP: 24/24 MP: 5/7
  2617 | D:3      | Noticed Ijyb
  2623 | D:3      | Learned a level 3 spell: Passwall
  2627 | D:3      | Learned a level 3 spell: Stone Arrow
  3554 | D:3      | Identified the +2 dagger "Adam" {freeze, Int+2}
  3858 | D:3      | Noticed Terence
  4567 | D:3      | Killed Terence
  4568 | D:3      | Reached skill level 4 in Stealth
  4568 | D:3      | Reached XP level 5. HP: 14/28 MP: 6/9
  4629 | D:3      | Killed Ijyb
  4630 | D:3      | Reached skill level 1 in Short Blades
  4999 | D:4      | Reached XP level 6. HP: 28/32 MP: 5/11
  5227 | D:4      | Reached skill level 5 in Stealth
  5690 | D:5      | Entered Level 5 of the Dungeon
  5747 | D:5      | Reached XP level 7. HP: 36/36 MP: 12/12
  6027 | D:5      | Noticed a yak
  6554 | D:5      | Found a blossoming altar of Fedhas.
  6764 | D:5      | Noticed a yak
  6764 | D:5      | Noticed a yak
  6776 | D:5      | Killed a yak
  6777 | D:5      | Reached skill level 6 in Stealth
  6778 | D:5      | Noticed a yak
  6781 | D:5      | Noticed a yak
  6873 | D:5      | Killed a yak
  6874 | D:5      | Reached skill level 5 in Earth Magic
  6874 | D:5      | Reached XP level 8. HP: 41/41 MP: 13/15
  6886 | D:5      | Killed a yak
  6887 | D:5      | Reached skill level 5 in Short Blades
  6891 | D:5      | Killed a yak
  6892 | D:5      | Reached skill level 7 in Stealth
  6892 | D:5      | Reached skill level 5 in Spellcasting
  6893 | D:5      | Killed a yak
  6942 | D:5      | Reached skill level 8 in Stealth
  7307 | D:6      | Noticed Menkaure
  7331 | D:6      | Killed Menkaure
  7332 | D:6      | Reached XP level 9. HP: 45/45 MP: 12/16
  7379 | D:6      | Noticed Edmund
  7406 | D:6      | Killed Edmund
  7610 | D:6      | Found a sand-covered staircase.
  7617 | Ossuary  | Entered an ossuary
  8626 | D:6      | Found a runed translucent door.
  8629 | D:6      | Noticed Crazy Yiuf
  8917 | D:6      | Found a hazy altar of Hepliaklqana.
  9357 | D:6      | Crazy Yiuf changed into Crazy Yiuf the jackal
  9357 | D:6      | Noticed Crazy Yiuf
  9361 | D:6      | Killed Crazy Yiuf the jackal
  9466 | D:7      | Learned a level 4 spell: Brom's Barrelling Boulder
  9471 | D:7      | Learned a level 4 spell: Petrify
  9474 | D:7      | Learned a level 2 spell: Blink
  9513 | D:7      | Found a staircase to the Ecumenical Temple.
  9520 | Temple   | Entered the Ecumenical Temple
  9690 | D:7      | Found a shimmering altar of Xom.
  9693 | D:7      | Found an opulent altar of Gozag.
  9717 | D:7      | HP: 1/45 [water moccasin (4)]
  9822 | D:7      | Found a flagged portal.
  9828 | D:7      | Reached skill level 1 in Translocations
  9830 | D:7      | Reached skill level 1 in Alchemy
  9853 | Bailey   | Entered a bailey
 10057 | Bailey   | Reached XP level 10. HP: 50/50 MP: 17/17
 10234 | Bailey   | Reached skill level 5 in Translocations
 10234 | Bailey   | Reached skill level 5 in Alchemy
 10234 | Bailey   | Reached XP level 11. HP: 54/54 MP: 18/18
 10829 | Bailey   | Noticed an orc knight
 10855 | Bailey   | Killed an orc knight
 10856 | Bailey   | Reached skill level 9 in Stealth
 12158 | D:7      | Found an opulent altar of Gozag.
 12197 | D:7      | Reached skill level 10 in Short Blades
 12433 | D:7      | Reached skill level 10 in Stealth
 12626 | D:7      | Found a shimmering altar of Xom.
 12917 | D:7      | Found a staircase to the Ecumenical Temple.
 13334 | D:8      | Reached skill level 11 in Stealth
 13983 | D:8      | Reached skill level 12 in Stealth
 14068 | D:8      | Found a broken altar of Ashenzari.
 14679 | D:8      | Found a staircase to the Lair.
 15329 | D:8      | Became a worshipper of Ashenzari the Shackled
 15374 | D:9      | Found a white marble altar of Elyvilon.
 15375 | D:9      | Found a burning altar of Makhleb.
 15375 | D:9      | Found a basalt altar of Yredelemnul.
 15376 | D:9      | Found a hide-covered altar of Uskayaw.
 15753 | D:9      | Reached skill level 13 in Stealth
 15909 | D:9      | Noticed Jeremiah
 15921 | D:9      | Killed Jeremiah
 15956 | D:9      | Reached skill level 1 in Fighting
 15956 | D:9      | Reached skill level 1 in Evocations
 16237 | D:9      | Found a snail-covered altar of Cheibriados.
 16509 | D:9      | Reached XP level 12. HP: 62/62 MP: 19/19
 16825 | D:9      | Found a runed translucent door.
 16894 | D:9      | Identified the +4 whip of Katuan {protect, rN+ Int-5 SInv}
 16902 | D:9      | Found a runed translucent gate.
 16902 | D:9      | Found a runed translucent gate.
 16902 | D:9      | Found a runed translucent gate.
 16903 | D:9      | Identified the +0 hat "Qycips" {Rampage Will+}
 16914 | D:9      | Noticed a boulder beetle
 16914 | D:9      | Noticed a boulder beetle
 16915 | D:9      | Found a runed translucent gate.
 16915 | D:9      | Found a runed translucent gate.
 16915 | D:9      | Found a runed translucent gate.
 17181 | D:9      | Found a white marble altar of Elyvilon.
 17182 | D:9      | Found a burning altar of Makhleb.
 17182 | D:9      | Found a basalt altar of Yredelemnul.
 17184 | D:9      | Found a hide-covered altar of Uskayaw.
 17448 | D:9      | Killed a boulder beetle
 17452 | D:9      | Found a snail-covered altar of Cheibriados.
 17534 | D:9      | Killed a boulder beetle
 17535 | D:9      | Reached skill level 5 in Dodging
 17560 | D:9      | Found a runed translucent gate.
 17560 | D:9      | Found a runed translucent gate.
 17560 | D:9      | Found a runed translucent gate.
 17682 | D:9      | Found the amulet of the Four Winds {rN+ Will+++ Clar}
 18364 | D:10     | Entered Level 10 of the Dungeon
 18364 | D:10     | Found Ruaceago's Magic Scroll Emporium.
 18374 | D:10     | Bought a scroll of fog for 56 gold pieces
 18374 | D:10     | Bought a scroll of amnesia for 56 gold pieces
 18458 | D:10     | Noticed Maggie
 18474 | D:10     | Noticed Nergalle
 18763 | D:9      | Killed Maggie
 18948 | D:10     | Killed Nergalle
 18949 | D:10     | Reached skill level 5 in Evocations
 19198 | D:10     | Found Agawat's Armour Boutique.
 19251 | D:10     | Found Aruh's Assorted Antiques.
 19256 | D:10     | Bought a viscous amethyst potion for 29 gold pieces
 19256 | D:10     | Bought a scroll labelled ELENYN MUMA for 33 gold pieces
 19256 | D:10     | Bought a scroll labelled DUTZOL NOUGH for 33 gold pieces
 19256 | D:10     | Bought a scroll labelled ELENYN MUMA for 33 gold pieces
 19302 | D:10     | Found Fat Ytte's Distillery.
 19307 | D:10     | Bought 2 potions of degeneration for 30 gold pieces
 19307 | D:10     | Bought a potion of invisibility for 120 gold pieces
 19307 | D:10     | Bought a potion of enlightenment for 75 gold pieces
 19307 | D:10     | Bought a potion of haste for 150 gold pieces
 19492 | D:10     | Found Niosh's Distillery.
 19547 | D:10     | Found a staircase to the Orcish Mines.
 19681 | D:10     | Found an ancient bone altar of Kikubaaqudgha.
 20020 | D:10     | Reached * piety under Ashenzari
 20228 | D:11     | Reached skill level 5 in Fighting
 20429 | D:11     | Reached ** piety under Ashenzari
 20824 | D:11     | Noticed Psyche
 21651 | Lair:1   | Entered Level 1 of the Lair of Beasts
 21758 | Lair:1   | Found a gate leading to a gauntlet.
 21790 | Gauntlet | Entered a Gauntlet
 21793 | Gauntlet | Identified the ring "Uvvaoreo" {rElec rN+ rCorr Int+2}
 21793 | Gauntlet | Noticed a quicksilver ooze
 21802 | Gauntlet | Found a transporter.
 21802 | Gauntlet | Found a transporter.
 21817 | Gauntlet | Found a transporter.
 21830 | Gauntlet | Identified the +6 falchion "Cerch" {venom, rN+}
 21831 | Gauntlet | Found a transporter.
 21853 | Gauntlet | Found a transporter.
 21881 | Gauntlet | Found a transporter.
 21895 | Gauntlet | Found a transporter.
 21932 | Gauntlet | Found a transporter.
 21954 | Gauntlet | Found a transporter.
 21965 | Gauntlet | Found a transporter.
 21969 | Gauntlet | Found a transporter.
 21973 | Gauntlet | Found a transporter.
 22387 | Gauntlet | Noticed a skeletal warrior
 22394 | Gauntlet | Noticed an arcanist
 22775 | Gauntlet | Reached XP level 13. HP: 76/76 MP: 15/22
 22830 | Gauntlet | Noticed a minotaur
 22836 | Gauntlet | Identified the staff of Quyla {rElec Int+5 Hexes Air}
 22838 | Gauntlet | Killed a minotaur
 23005 | Lair:1   | Reached *** piety under Ashenzari
 23885 | Lair:1   | Reached **** piety under Ashenzari
 23908 | Lair:2   | Noticed a six-headed hydra
 23911 | Lair:2   | Killed a six-headed hydra
 24118 | Lair:2   | Found a staircase to the Shoals.
 24615 | Lair:2   | Reached skill level 10 in Dodging
 25059 | Lair:3   | Reached ***** piety under Ashenzari
 25469 | Lair:3   | Reached skill level 1 in Armour
 26544 | Lair:4   | Found a runed translucent gate.
 26545 | Lair:4   | Found a runed translucent gate.
 26546 | Lair:4   | Found a runed translucent gate.
 27684 | Lair:4   | Reached XP level 14. HP: 94/94 MP: 21/27
 28800 | Lair:5   | Entered Level 5 of the Lair of Beasts
 28838 | Lair:5   | Reached skill level 14 in Stealth
 29027 | Lair:5   | Found a viscous altar of Jiyva.
 29027 | Lair:5   | Found a staircase to the Slime Pits.
 29259 | Lair:5   | Upgraded the game from 0.32-a0-43-g058985b245 to
                  | 0.32-a0-132-g2d33c3cfaf
 29259 | Lair:5   | Upgraded the game from 0.32-a0-132-g2d33c3cfaf to
                  | 0.32-a0-673-g3729bd50f8
 29570 | Lair:5   | Reached skill level 10 in Fighting
 30120 | Lair:5   | Reached skill level 15 in Stealth
 30736 | Lair:5   | Reached skill level 5 in Armour
 30966 | Orc:1    | Entered Level 1 of the Orcish Mines
 30988 | Orc:1    | Learned a level 5 spell: Irradiate
 31092 | Orc:1    | Reached XP level 15. HP: 101/104 MP: 15/28
 31618 | Orc:2    | Entered Level 2 of the Orcish Mines
 31631 | Orc:2    | Upgraded the game from 0.32-a0-673-g3729bd50f8 to
                  | 0.32-a0-859-gb0a091d592
 31683 | Orc:2    | Found a staircase to the Elven Halls.
 32096 | Orc:2    | Reached skill level 16 in Stealth
 32102 | Orc:1    | Quit the game

Illustrated notes

Levels and vault maps discovered:
D:1:      psy_arrival_statuary, layout_basic, hangedman_abyss_or_decor_stabs,
          hangedman_glass_teeth
D:2:      layout_basic
D:3:      layout_basic, uniq_ijyb, uniq_terence
D:4:      layout_rooms
D:5:      layout_loops_ring, fedhas_bush_and_centaur_altar, minivault_26,
          roderic_batcave
D:6:      layout_loops_ring, mainiacjoe_overflow_six_doors_small,
          nicolae_ossuary_entry_monument, hangedman_decor_lopped,
          nicolae_figureground_pulse, uniq_menkaure, uniq_edmund,
          uniq_crazy_yiuf_cottage
D:7:      layout_basic, jmf_multi_god_temple, minmay_temple_entry_waves,
          enter_bailey_2, nicolae_letterblocks [nicolae_letter_subblock,
          nicolae_letter_subblock, nicolae_letter_subblock,
          nicolae_letter_subblock, nicolae_letter_subblock,
          nicolae_letter_subblock, nicolae_letter_subblock,
          nicolae_letter_subblock, nicolae_letter_subblock,
          nicolae_letter_subblock, nicolae_letter_subblock,
          nicolae_letter_subblock, nicolae_letter_subblock,
          nicolae_letter_subblock, nicolae_letter_subblock,
          nicolae_letter_subblock, nicolae_letter_subblock,
          nicolae_letter_subblock, nicolae_letter_subblock,
          nicolae_letter_subblock, nicolae_letter_subblock,
          nicolae_letter_subblock, nicolae_letter_subblock,
          nicolae_letter_subblock, nicolae_letter_subblock]
D:8:      layout_layer_cave, nicolae_ashenzari_skybound,
          due_lair_maze_entry_diamond, hangedman_abyss_or_decor_passed,
          serial_bayou_lake_a
D:9:      gammafunk_indiana_jones, layout_long_grid, slow_altar_2,
          chequers_temple_overflow_statue_of_worship, hex_tiny,
          grunt_ministairs_13, uniq_jeremiah
D:10:     nicolae_cairo_tiling_large_dashed, layout_basic,
          kiku_gazebo_pond_becter, orc_0_dummy, serial_shops, shop, shop,
          nicolae_shop_trees, nicolae_shop_waterfront, shop, uniq_nergalle,
          uniq_maggie
D:11:     layout_cave_pods, serial_column_ruins, column_ruins_columns_T,
          column_ruins_columns_straight, column_ruins_open_small,
          column_ruins_corridor_straight, column_ruins_corridor_dead_end,
          uniq_psyche
Temple:   grunt_temple_mini_profane
Lair:1:   layout_chaotic_city, gauntlet_entry_generic
Lair:2:   layout_chaotic_city, nicolae_shoals_entry_roost,
          nicolae_snake_entry_warm_welcome
Lair:3:   layout_regular_city, hibernation_bobbens, serial_bayou_shore_b
Lair:4:   layout_layer_cave, gammafunk_ghost_cemetery, dreamdust_wasp_nest
Lair:5:   evilmike_catoblepas_cave, layout_regular_city,
          dpeg_slime_entry_enclosed, infiniplex_staircase_pool
Orc:1:    layout_diamond_mine
Orc:2:    st_orc_ogre_mass, layout_caves, basic_altar, minmay_orc_temple_b

Skill      XL: |  1  2  3  4  5  6  7  8  9 10 11 12 13 14 15 |
---------------+----------------------------------------------+-----
Stealth        | 3 4 5 6 8 13 15 16 | 16.0
Dodging        | 3 7 10 12 | 12.9
Short Blades   | 2 3 4 6 9 10 | 10.0
Spellcasting   | 3 4 5 |  5.0
Earth Magic    | 4 5 6 7 9 |  9.7
Conjurations   | 2 6 |  6.1
Translocations | 1 5 |  5.7
Alchemy        | 1 5 |  5.7
Fighting       | 1 6 8 10 11 | 11.1
Evocations     | 1 6 |  6.9
Armour         | 2 5 |  5.0

Action                     |  1- 3 |  4- 6 |  7- 9 | 10-12 | 13-15 || total
---------------------------+-------+-------+-------+-------+-------++-------
  Melee: Unarmed           |    16 |       |    17 |       |       ||    33
         Dagger            |       |    15 |   232 |   216 |   449 ||   912
         Short sword       |       |     1 |     7 |       |       ||     8
         Punch             |       |       |     4 |     2 |     2 ||     8
  Throw: Dart              |       |     6 |     3 |    16 |     1 ||    26
   Cast: Sandblast         |    45 |    61 |    93 |   137 |    14 ||   350
         Passwall          |       |     1 |     4 |     4 |    57 ||    66
         Stone Arrow       |       |       |     5 |    35 |    11 ||    51
         Brom's Barrelling |       |       |       |    33 |       ||    33
         Petrify           |       |       |       |    20 |    33 ||    53
         Blink             |       |       |       |     7 |       ||     7
         Irradiate         |       |       |       |       |     2 ||     2
 Invoke: Curse Item        |       |       |       |     4 |     5 ||     9
  Evoke: Wand              |       |       |    16 |    22 |     1 ||    39
         Sack of spiders   |       |       |       |       |     1 ||     1
    Use: Scroll            |     3 |     2 |     8 |    16 |     4 ||    33
         Potion            |       |     1 |     2 |     4 |     1 ||     8
   Stab: Sleeping          |     1 |     3 |    15 |    16 |    90 ||   125
         Paralysed         |       |       |     4 |     1 |       ||     5
         Invisible         |       |       |     2 |     3 |     1 ||     6
         Confused          |       |       |     4 |       |       ||     4
         Distracted        |       |       |     3 |     3 |     3 ||     9
         Petrifying        |       |       |       |     5 |    12 ||    17
         Petrified         |       |       |       |     5 |    11 ||    16
 Armour: Robe              |    14 |     9 |    88 |    60 |       ||   171
         Skin              |       |       |     3 |       |       ||     3
         Steam dragon scal |       |       |       |    74 |    78 ||   152
  Dodge: Dodged            |    26 |    20 |   119 |   206 |   260 ||   631

Table legend: (Time is in decaauts)
 A = Elapsed time spent in this place.
 B = Non-inter-level travel time spent in this place.
 C = Inter-level travel time spent in this place.
 D = Time resting spent in this place.
 E = Time spent auto-exploring this place.
 F = Levels seen in this place.
 G = Mean time per level.
                   A        B        C        D        E       F      G
               +--------+--------+--------+--------+--------+-----+--------+
         Total |  31856 |  30829 |   1027 |   3937 |  20686 |  22 | 1448.0 |
       Dungeon |  20026 |  19234 |    792 |   2113 |  14534 |  11 | 1820.5 |
        Temple |      1 |      1 |      0 |      0 |      0 |   1 |    1.0 |
          Lair |   8089 |   7878 |    211 |    404 |   5163 |   5 | 1617.8 |
  Orcish Mines |   1031 |   1007 |     24 |    168 |    441 |   2 |  515.5 |
       Ossuary |    529 |    529 |      0 |     47 |    237 |   1 |  529.0 |
        Bailey |   1136 |   1136 |      0 |    730 |     55 |   1 | 1136.0 |
      Gauntlet |   1041 |   1041 |      0 |    474 |    256 |   1 | 1041.0 |
               +--------+--------+--------+--------+--------+-----+--------+

Top non-repeatable levels by time:
     D:9: 3506 daAuts
     D:3: 2503 daAuts
  Lair:4: 2450 daAuts
     D:7: 2351 daAuts
     D:8: 2309 daAuts
  Lair:5: 1941 daAuts
     D:6: 1820 daAuts
     D:5: 1564 daAuts
    D:11: 1548 daAuts
  Lair:3: 1378 daAuts
     D:2: 1249 daAuts
  Lair:1: 1217 daAuts
    D:10: 1204 daAuts
     D:1: 1182 daAuts
  Bailey: 1136 daAuts
